 Dungeon Crawl Stone Soup version 0.28-a0-1435-g82390b3a13 (webtiles) character file.

Game seed: 14335624799709758720

24 knot the Chopper (level 2, 0/24 HPs)
             Began as a Demonspawn Berserker on Jan 10, 2022.
             Was a Follower of Trog.
             Slain by a kobold (13 damage)
             ... on level 2 of the Dungeon.
             The game lasted 00:00:39 (1052 turns).

knot the Chopper (Demonspawn Berserker)             Turns: 1052, Time: 00:00:39

Health: 0/24       AC:  2    Str: 17    XL:     2   Next: 79%
Magic:  2/2        EV: 12    Int: 10    God:    Trog [*.....]
Gold:   39         SH:  0    Dex: 12    Spells: 1/1 levels left

rFire   . . .      SeeInvis .   a - +0 hand axe
rCold   . . .      Faith    .   (no shield)
rNeg    . . .      Spirit   .   b - +0 animal skin
rPois   .          Reflect  .   (no helmet)
rElec   .          Harm     .   (no cloak)
rCorr   .          Rampage  .   (no gloves)
Will    .....                   (no boots)
Stlth   +.........              (no amulet)
HPRegen 0.08/turn               (no ring)
MPRegen 0.08/turn               (no ring)

@: no status effects
A: big brain 1
a: Renounce Religion, Berserk


You were on level 2 of the Dungeon.
You worshipped Trog.
Trog was aware of your devotion.
You visited 1 branch of the dungeon, and saw 2 of its levels.

You collected 39 gold pieces.

Inventory:

Hand Weapons
 a - a +0 hand axe (weapon)
Missiles
 c - 68 stones (quivered)
 e - 6 boomerangs
 l - 16 sling bullets
Armour
 b - a +0 animal skin (worn)
Scrolls
 d - 2 scrolls of silence {unknown}
 i - a scroll of amnesia {unknown}
 j - a scroll of magic mapping {unknown}
Potions
 f - a potion of flight {unknown}
 g - a potion of resistance {unknown}
 h - a potion of heal wounds {unknown}
 k - a potion of berserk rage {unknown}
 m - 2 potions of cancellation {unknown}


   Skills:
 - Level 3.0 Fighting
 + Level 3.7 Axes
 - Level 1.7 Armour
 - Level 1.7 Dodging


You had one spell level left.
You didn't know any spells.
Your spell library was empty.

Dungeon Overview and Level Annotations

Branches:
Dungeon (2/15)

Altars:


Innate Abilities, Weirdness & Mutations

You have an unusually large brain. (Int +2)


Message History

Found a stone staircase leading up.
There is a stone staircase leading up here.
There are monsters nearby!
You closely miss the kobold. You hit the bat.
You kill the bat!
Trog accepts your kill. The kobold barely misses you.
You hit the kobold.
The kobold is severely wounded.
The kobold hits you with a +0 short sword.
You slash the kobold!
You kill the kobold!
Trog accepts your kill.
No target in view!
No target in view!
No target in view!
HP restored.
c - 68 stones (gained 4)
You see here a +0 short sword.
A goblin comes into view. It is wielding a +0 club.
The goblin shouts!
The goblin unwields a +0 club.
The goblin wields a +0 hunting sling.
The goblin shoots a stone.
The stone barely misses you.
Found 12 stones.
The goblin shoots a stone.
The stone hits you.
A goblin is nearby!
The goblin shoots a stone.
The stone hits you.
A kobold comes into view.
It is wielding a +0 short sword of electrocution.
The kobold shouts!
You hit the goblin.
The goblin is heavily wounded.
The goblin unwields a +0 hunting sling.
The goblin wields a +0 club.
The goblin hits you with a +0 club.
You hit the goblin.
You kill the goblin!
Trog accepts your kill.
You closely miss the kobold.
The kobold hits you with a +0 short sword of electrocution.
You are electrocuted!
Ouch! That really hurt!
You die...

##. #.#......
##..##........
.#.............
...........(...
..............
..#.........####
#.....K).#.....#
....###@#........
#................
...#####.........
#.........
.#######.........
.................
########.........
#########........
.........#...<...


You could see a kobold.

Vanquished Creatures
  2 ball pythons (D:1)
  4 bats
  A giant cockroach (D:1)
  5 goblins
  3 hobgoblins (D:1)
  A kobold (D:2)
  2 quokkas (D:1)
  2 rats (D:1)
20 creatures vanquished.

Notes
Turn   | Place    | Note
-------+----------+-------------------------------------------
     0 | D:1      | knot the Demonspawn Berserker began the quest for the Orb.
     0 | D:1      | Reached XP level 1. HP: 18/18 MP: 1/1
   484 | D:1      | Gained mutation: You have an unusually large brain. (Int
                  | +2) [demonic ancestry]
   484 | D:1      | Reached XP level 2. HP: 24/24 MP: 2/2
  1052 | D:2      | Slain by a kobold

Illustrated notes

Levels and vault maps discovered:
D:1:      mrwooster_arrival_arrow, layout_basic, corexii_leaking_fountain,
          kennysheep_boxes
D:2:      layout_rooms, ebering_ecumenical_altar_hall, kennysheep_crisscross

Skill      XL: |  1 |
---------------+----+-----
Axes           | 3 |  3.7
Fighting       | |  3.0
Armour         | |  1.7
Dodging        | |  1.7

Action                   || total
-------------------------++-------
Melee: Hand axe          ||    55
       Punch             ||     1
Armor: Animal skin       ||     8
Dodge: Dodged            ||    42

Table legend: (Time is in decaauts)
 A = Elapsed time spent in this place.
 B = Non-inter-level travel time spent in this place.
 C = Inter-level travel time spent in this place.
 D = Time resting spent in this place.
 E = Time spent auto-exploring this place.
 F = Levels seen in this place.
 G = Mean time per level.
                   A        B        C        D        E       F      G
               +--------+--------+--------+--------+--------+-----+--------+
         Total |   1085 |   1035 |     50 |      0 |    898 |   2 |  542.5 |
       Dungeon |   1085 |   1035 |     50 |      0 |    898 |   2 |  542.5 |
               +--------+--------+--------+--------+--------+-----+--------+

Top non-repeatable levels by time:
     D:1: 1055 daAuts
     D:2: 29 daAuts
